 Dungeon Crawl Stone Soup version 0.27.1-34-g3ba077fa99 (webtiles) character file.

Game seed: 1881847966324426386

16488 mcbry74 the Grappler (level 12, -7/113 HPs)
             Began as a Troll Gladiator on Jan 29, 2022.
             Was a High Priest of Qazlal.
             Mangled by a blink frog (14 damage)
             ... on level 1 of the Lair of Beasts.
             The game lasted 00:48:29 (8774 turns).

mcbry74 the Grappler (Troll Gladiator)              Turns: 8774, Time: 00:48:30

Health: -7/113     AC: 15    Str: 31    XL:     12   Next: 10%
Magic:  7/14       EV: 11    Int:  8    God:    Qazlal [*****.]
Gold:   281        SH:  6    Dex: 11    Spells: 11/11 levels left

rFire    . . .     SeeInvis .     - Unarmed
rCold    . . .     Faith    +   (no shield)
rNeg     . . .     Spirit   .   I - +1 steam dragon scales
rPois    +         Reflect  .   b - +0 hat
rElec    .         Harm     .   w - +2 cloak {rPois}
rCorr    .         Rampage  .   (gloves unavailable)
Will     .....                  (boots unavailable)
Stlth    +.........             x - amulet of faith
HPRegen  1.28/turn              D - +6 ring of strength
MPRegen  0.14/turn              (no ring)

@: mighty, protected from physical damage, studying Fighting, repel missiles
A: large, unfitting armour, claws 3, regeneration 1, shaggy fur 1, tough skin 1
a: Renounce Religion, Upheaval, Elemental Force, Disaster Area


You were on level 1 of the Lair of Beasts.
You worshipped Qazlal.
Qazlal was extremely pleased with you.
You visited 2 branches of the dungeon, and saw 12 of its levels.
You visited the Abyss 1 time.

You collected 674 gold pieces.
You spent 393 gold pieces at shops.

Inventory:

Hand Weapons
 g - a +0 whip
 o - a +0 whip
 q - the +8 trident "Wuub" {vorpal, rF+ MP+9 Int-4}
   (You took it off an orc on level 9 of the Dungeon)

   It inflicts extra damage upon your enemies.
   Int:       It affects your intelligence (-4).
   rF:        It protects you from fire.
   MP:        It affects your magic capacity (+9).
 s - a +1 giant spiked club of freezing
 t - a +0 whip
 u - a +0 whip
 C - a +0 giant spiked club
 H - a +2 vampiric dagger
 K - a +2 whip of freezing
 N - the +10 great mace of World Downfall {venom, Stlth+}
   (You bought it in a shop on level 2 of the Dungeon)

   It poisons the flesh of those it strikes.
   Stlth:     It makes you more stealthy.
Missiles
 c - 6 throwing nets
 l - 80 sling bullets
 m - 13 curare-tipped darts (quivered)
 L - 6 boomerangs
 T - 18 poisoned darts
Armour
 b - a +0 hat (worn)
 w - a +2 cloak of poison resistance (worn)
 A - a scarf of repulsion
 G - a +2 cloak
 I - +1 steam dragon scales (worn)
 Q - a +2 robe of willpower
Jewellery
 e - a ring of ice
 x - an amulet of faith (around neck)
 D - a +6 ring of strength (left claw)
Wands
 a - a wand of mindburst (11)
 d - a wand of iceblast (5)
 y - a wand of polymorph (11)
 B - a wand of flame (56)
 V - a wand of acid (8)
Scrolls
 f - 5 scrolls of fog
 i - 2 scrolls of enchant armour
 j - 2 scrolls of amnesia
 k - a scroll of teleportation
 n - 3 scrolls of noise
 r - 3 scrolls of enchant weapon
 M - a scroll of vulnerability
Potions
 v - 7 potions of curing
 E - 3 potions of magic
 F - a potion of haste
 R - 2 potions of brilliance
 S - a potion of ambrosia {unknown}
 U - a potion of flight {unknown}


   Skills:
 * Level 5.8 Fighting
 - Level 10.0 Maces & Flails
 + Level 4.7 Throwing
 + Level 3.7 Armour
 + Level 4.7 Dodging
 - Level 12.0 Unarmed Combat
 * Level 5.2 Invocations
 + Level 1.6 Evocations


You had 11 spell levels left.
You didn't know any spells.
Your spell library contained the following spells:

 Spells                   Type           Power      Damage    Failure   Level
 Animate Skeleton         Necr           0%         N/A       41%         1
 Pain                     Necr           0%         1d4       41%         1
 Ensorcelled Hibernation  Hex/Ice        0%         N/A       54%         2
 Gell's Gravitas          Tloc           0%         N/A       78%         3
 Ozocubu's Armour         Ice            0%         N/A       78%         3
 Spider Form              Tmut/Pois      0%         N/A       78%         3
 Teleport Other           Tloc           0%         N/A       78%         3
 Vampiric Draining        Necr           0%         2d6       78%         3
 Agony                    Necr           0%         N/A       100%        5
 Excruciating Wounds      Necr           0%         N/A       100%        5
 Dispersal                Tloc           0%         N/A       100%        6
 Shadow Creatures         Summ           N/A        N/A       100%        6
 Ozocubu's Refrigeration  Ice            0%         4d5       100%        7


Dungeon Overview and Level Annotations

Branches:
Dungeon (11/15)            Temple (0/1) D:6            Lair (1/6) D:11
    Orc (0/2) D:9

Altars:
Ashenzari
Qazlal
Uskayaw
Vehumet
Beogh

Shops:
D:2 =:(?*   D:5 ?


Innate Abilities, Weirdness & Mutations

You are too large for most types of armour.
You have claws for hands.
Your natural rate of healing is unusually fast.
You are covered in fur. (AC +1)
You have tough skin. (AC +1)


Message History

You claw the cane toad!
The cane toad is heavily wounded.
The blink frog closely misses you. The cane toad stings you!
* * * LOW HITPOINT WARNING * * *
You feel very mighty all of a sudden. You block the blink frog's attack.
You block the cane toad's attack.
The blink frog blinks!
You mangle the cane toad!!
You kill the cane toad!
Qazlal accepts your kill.
The black mamba is struck by lightning.
The blink frog barely misses you.
You barely miss the black mamba.
The black mamba is heavily wounded.
The black mamba is engulfed in blazing flames.
The black mamba bites you but does no damage.
The black mamba is engulfed in blazing flames.
The black mamba bites you but does no damage.
You mangle the cane toad!!
You kill the cane toad!
Qazlal accepts your kill.
The black mamba is engulfed in blazing flames.
You kill the black mamba!
Qazlal accepts your kill.
The bullfrog releases a deep croak.
You claw the yak!
The yak is lightly wounded.
You block the bullfrog's attack.
The yak is engulfed in blazing flames.
The yak misses you.
You barely miss the yak.
The yak is heavily wounded.
The bullfrog hits you but does no damage.
The blink frog hits you!
* * * LOW HITPOINT WARNING * * *
The blink frog blinks!
You barely miss the yak.
The yak is heavily wounded.
The blink frog is no longer moving slowly.
The bullfrog barely misses you.
The yak is engulfed in blazing flames.
The yak gores you but does no damage. The blink frog hits you!
You die...

#. ###.#
.##....##
...≈≈≈..#.
#.≈≈≈≈≈..#
#.≈≈≈≈≈≈...#
##.≈≈≈≈≈≈≈..#
##F..†≈≈≈≈≈..#
#@Y§<.≈≈≈≈≈..##
##F§.†≈≈≈≈≈...#
##Y.≈≈≈≈≈≈...#
#Y.≈≈≈†≈....#.
###Y†≈..†.....
#†..#†......
#.....#.>....
####.........
....##.###


You could see 4 yaks, a blink frog and a bullfrog.

Vanquished Creatures
  A rakshasa (Abyss:2)
  Harold (D:7)
  A hydra (Lair:1)
  A two-headed ogre (D:10)
  A thrashing horror (Abyss:2)
  Sonja (D:11)
  An anaconda skeleton (Abyss:2)
  Pikel (D:7)
  A shadow dragon zombie (Abyss:2)
  Maurice (D:11)
  A black mamba (Lair:1)
  5 cane toads (Lair:1)
  A komodo dragon (D:11)
  A rime drake (Lair:1)
  A troll (D:11)
  A hornet (D:9)
  Prince Ribbit (D:7)
  2 blink frogs (Lair:1)
  A large abomination (Abyss:2)
  A shadow (D:11)
  A water elemental (D:11)
  A wyvern (D:11)
  5 yaks (D:10)
  2 steam dragons (D:7)
  3 water moccasins
  A swamp drake (D:9)
  6 orc warriors
  2 black bears (D:5)
  A starcursed mass (Abyss:2)
  An ice beast (D:7)
  A sky beast (D:6)
  4 ogres
  7 wolves
  A necrophage (D:4)
  4 centaurs
  2 phantoms
  2 kobold brigands (D:9)
  7 bullfrogs
  4 scorpions
  4 howler monkeys
  3 wights (D:7)
  2 electric eels
  2 jellies (D:6)
  6 centaur zombies
  5 hounds
  A bullfrog zombie (D:6)
  5 orc priests
  Crazy Yiuf (D:6)
  A gnoll shaman (D:8)
  An iguana (D:5)
  9 orc wizards
  A killer bee zombie (D:8)
  3 howler monkey zombies
  9 gnolls
  4 adders
  2 shadow imps
  2 white imps
  2 ufetubi (D:6)
  A worm (D:2)
  3 dart slugs
  49 orcs
  5 endoplasms
  5 giant cockroaches
  4 goblins
  A hobgoblin (D:4)
  5 jackals
  3 quokkas
  6 ball pythons
  6 bats
  4 frilled lizards
  17 kobolds
  6 rats
258 creatures vanquished.

Vanquished Creatures (others)
  A fungus (Lair:1)
  A plant (Lair:1)
2 creatures vanquished.

Grand Total: 260 creatures vanquished

Notes
Turn   | Place    | Note
-------+----------+-------------------------------------------
     0 | D:1      | mcbry74 the Troll Gladiator began the quest for the Orb.
     0 | D:1      | Reached XP level 1. HP: 19/19 MP: 0/0
    97 | D:1      | Reached XP level 2. HP: 27/27 MP: 1/1
   290 | D:1      | Found a faded altar of an unknown god.
   368 | D:1      | Reached skill level 4 in Unarmed Combat
   624 | D:2      | Found Immutohe's Book Shoppe.
   647 | D:2      | Found Orifugh's Antique Weapon Boutique.
   740 | D:2      | Found Sucsuer's Assorted Antiques.
   752 | D:2      | Reached XP level 3. HP: 33/33 MP: 2/2
   774 | D:2      | Bought a scroll labelled HEW RUIJAXZA for 20 gold pieces
   774 | D:2      | Bought a scroll labelled BEXTI ZYTIB for 20 gold pieces
   774 | D:2      | Bought a scroll labelled KUWOEP KIODGHOU for 20 gold pieces
   774 | D:2      | Bought a scroll labelled MOCEDIGRUN for 20 gold pieces
   803 | D:2      | Found Gitinkox's Magic Scroll Shoppe.
   999 | D:2      | Found Caicruck's Jewellery Shop.
  1355 | D:3      | Reached skill level 5 in Unarmed Combat
  1355 | D:3      | Reached XP level 4. HP: 41/41 MP: 3/3
  1538 | D:2      | Bought a scroll of identify for 26 gold pieces
  1557 | D:3      | Noticed a +0 hand axe
  1557 | D:3      | Noticed a +0 dagger
  1557 | D:3      | Found a hide-covered altar of Uskayaw.
  1578 | D:3      | Found a stormy altar of Qazlal.
  1579 | D:3      | Noticed an earth elemental
  1582 | D:3      | Noticed an air elemental
  1582 | D:3      | Noticed a fire elemental
  1582 | D:3      | Noticed a water elemental
  2037 | D:3      | Became a worshipper of Qazlal Stormbringer
  2195 | D:4      | Reached XP level 5. HP: 45/48 MP: 4/4
  2210 | D:4      | Reached skill level 6 in Unarmed Combat
  2393 | D:4      | Noticed a phantom
  2398 | D:4      | Killed a phantom
  2399 | D:4      | Reached skill level 7 in Unarmed Combat
  2399 | D:4      | Reached XP level 6. HP: 48/55 MP: 5/5
  2629 | D:5      | Entered Level 5 of the Dungeon
  2639 | D:5      | Reached skill level 8 in Unarmed Combat
  2639 | D:5      | Reached XP level 7. HP: 52/62 MP: 6/6
  2793 | D:5      | Found a runed translucent door.
  2804 | D:5      | Reached * piety under Qazlal
  2845 | D:5      | Reached skill level 9 in Unarmed Combat
  2941 | D:5      | Reached XP level 8. HP: 54/70 MP: 7/7
  2959 | D:5      | Reached skill level 10 in Unarmed Combat
  3286 | D:5      | Found Afubu's Magic Scroll Shop.
  3702 | D:6      | Found a staircase to the Ecumenical Temple.
  3747 | D:6      | Reached skill level 11 in Unarmed Combat
  3862 | D:6      | Reached ** piety under Qazlal
  4131 | D:6      | Reached skill level 1 in Invocations
  4297 | D:6      | Found a runed translucent door.
  4298 | D:6      | Noticed Crazy Yiuf
  4302 | D:6      | Killed Crazy Yiuf
  4388 | D:6      | Reached XP level 9. HP: 66/76 MP: 9/9
  4501 | D:7      | Noticed Harold
  4519 | D:7      | Killed Harold
  4520 | D:7      | Reached skill level 1 in Maces & Flails
  4520 | D:7      | Reached skill level 1 in Armour
  4708 | D:7      | Reached skill level 12 in Unarmed Combat
  4789 | D:7      | Noticed Prince Ribbit
  4797 | D:7      | Killed Prince Ribbit
  4964 | D:7      | Noticed Pikel
  4973 | D:7      | Killed Pikel
  4974 | D:7      | Reached XP level 10. HP: 75/91 MP: 11/11
  5136 | D:8      | Reached *** piety under Qazlal
  5370 | D:8      | Found a broken altar of Ashenzari.
  5841 | D:9      | Identified the +8 trident "Wuub" {vorpal, rF+ MP+9 Int-4}
  6008 | D:2      | Bought a bloodstained great mace for 287 gold pieces
  6008 | D:2      | Identified the +10 great mace of World Downfall {venom,
                  | Stlth+} (You bought it in a shop on level 2 of the Dungeon)
  6208 | D:9      | Reached **** piety under Qazlal
  6384 | D:9      | Found a staircase to the Orcish Mines.
  6904 | D:10     | Entered Level 10 of the Dungeon
  7036 | D:10     | Found a radiant altar of Vehumet.
  7199 | D:10     | Noticed a two-headed ogre
  7217 | D:10     | Killed a two-headed ogre
  7218 | D:10     | Reached skill level 5 in Maces & Flails
  7677 | D:10     | Reached ***** piety under Qazlal
  7679 | D:10     | Reached XP level 11. HP: 51/98 MP: 12/12
  7823 | D:11     | Noticed Sonja
  7957 | D:11     | Noticed a boulder beetle
  7958 | D:11     | Cast into level 2 of the Abyss (Sonja)
  7987 | Abyss:2  | Noticed a starcursed mass
  7998 | Abyss:2  | Paralysed by accursed screaming for 1 turns
  8002 | Abyss:2  | Noticed a thrashing horror
  8033 | Abyss:2  | Killed a thrashing horror
  8061 | Abyss:2  | Noticed a thrashing horror
  8104 | Abyss:2  | Noticed a rakshasa
  8121 | Abyss:2  | Killed a rakshasa
  8137 | D:11     | Escaped the Abyss
  8212 | D:10     | Acquired a manual of Fighting
  8221 | D:11     | Noticed Maurice
  8235 | D:11     | Killed Maurice
  8495 | D:11     | Killed Sonja
  8496 | D:11     | Reached skill level 10 in Maces & Flails
  8580 | D:11     | Found a staircase to the Lair.
  8696 | Lair:1   | Entered Level 1 of the Lair of Beasts
  8754 | Lair:1   | Noticed a five-headed hydra
  8755 | Lair:1   | Reached skill level 1 in Evocations
  8761 | Lair:1   | Reached skill level 5 in Fighting
  8765 | Lair:1   | Killed a five-headed hydra
  8766 | Lair:1   | Reached XP level 12. HP: 12/111 MP: 6/14
  8767 | Lair:1   | Reached skill level 5 in Invocations
  8774 | Lair:1   | Mangled by a blink frog

Illustrated notes

Levels and vault maps discovered:
D:1:      evilmike_arrival_crescent, layout_loops_ring, basic_ecumenical_altar,
          minmay_misc_feat_hallway
D:2:      minmay_evil_eye, layout_loops_cross, serial_shops, shop,
          nicolae_shop_competitors_out_of_business, shop, shop, shop,
          grunt_ministairs_12
D:3:      layout_loops_ring, nicolae_qazlal_style_of_elements,
          dancing_weapons_uskayaw, st_stairs_8, serial_bayou_pond_b,
          minmay_misc_feat_five
D:4:      layout_rooms
D:5:      layout_basic, serial_shops, shop, lightli_church_of_beogh
D:6:      layout_gridville, minmay_temple_entry_large_hall, serial_glass,
          glass_columns_a, glass_columns_c, uniq_crazy_yiuf_cottage
D:7:      layout_basic, nrook_loot_triangle, uniq_pikel, uniq_harold,
          uniq_prince_ribbit1
D:8:      layout_loops_ring, ashenzari_conservatory_becter
D:9:      layout_roguey, erik_orc_1
D:10:     layout_gridville, nicolae_vehumet_radiance
D:11:     layout_irregular_city, erik_lair_island, library_closet, laboratory,
          uniq_maurice, uniq_sonja, uniq_josephine
Lair:1:   layout_misc_corridors, wad_woods_road_03, infiniplex_staircase_pool

Skill      XL: |  1  2  3  4  5  6  7  8  9 10 11 12 |
---------------+-------------------------------------+-----
Unarmed Combat | 4 5 7 8 9 11 12 | 12.0
Invocations    | 1 3 4 5 |  5.2
Fighting       | 3 5 |  5.8
Maces & Flails | 2 7 10 | 10.0
Throwing       | 3 4 |  4.7
Armour         | 2 3 |  3.7
Dodging        | 3 4 |  4.7
Evocations     | 1 |  1.6

Action                   |  1- 3 |  4- 6 |  7- 9 | 10-12 || total
-------------------------+-------+-------+-------+-------++-------
Melee: Unarmed           |    93 |    78 |   192 |   307 ||   670
       Punch             |       |       |     9 |    17 ||    26
Throw: Dart              |       |     1 |    10 |     2 ||    13
Invok: Upheaval          |       |       |       |     2 ||     2
       Disaster Area     |       |       |       |     1 ||     1
Evoke: Wand              |       |       |       |     2 ||     2
  Use: Scroll            |       |     1 |     3 |    16 ||    20
       Potion            |       |       |       |     6 ||     6
 Stab: Confused          |       |       |       |     1 ||     1
Armor: Robe              |    21 |    11 |    29 |       ||    61
       Steam dragon scal |       |       |     3 |   183 ||   186
Dodge: Dodged            |    38 |    33 |    63 |   163 ||   297
       Repelled          |       |       |       |     2 ||     2
Block: Other             |       |       |    13 |    68 ||    81
